 Dungeon Crawl Stone Soup version 0.30-a0-540-g0af01429fa (webtiles) character file.

Game seed: 9397364530703331285

89 drugrobin the Sneak (level 4, 0/37 HPs)
             Began as a Demigod Delver on Dec 25, 2022.
             Slain by a human zombie (7 damage)
             ... in an ossuary.
             The game lasted 00:05:11 (764 turns).

drugrobin the Sneak (Demigod Delver)                 Turns: 764, Time: 00:05:11

Health: 0/37       AC:  3    Str: 17    XL:     4   Next: 10%
Magic:  6/6        EV: 12    Int: 12    God:
Gold:   0          SH:  0    Dex: 15    Spells: 3/3 levels left

rFire   . . .      SeeInvis .      - Unarmed
rCold   . . .      Faith    .    (no shield)
rNeg    . . .      Spirit   .    a - +0 leather armour
rPois   .          Reflect  .    (no helmet)
rElec   .          Harm     .    (no cloak)
rCorr   .          Rampage  .    (no gloves)
Will    .....                    (no boots)
Stlth   +++                      (no amulet)
HPRegen 0.26/turn                (no ring)
MPRegen 0.10/turn                (no ring)

@: hasted, very quick
A: high MP 1, forlorn, divine attributes
a: no special abilities


You were in an ossuary.
You visited 1 branch of the dungeon, and saw 2 of its levels.
You also visited: Ossuary.

Inventory:

Armour
 a - a +0 leather armour (worn)
Wands
 f - a wand of digging (3)
Scrolls
 b - a scroll of fog
 c - 5 scrolls of identify
 d - a scroll of fear
Potions
 g - a potion of attraction


   Skills:
 - Level 2.6 Fighting
 - Level 1.7 Dodging
 - Level 4.5 Stealth
 + Level 4.2 Unarmed Combat


You had 3 spell levels left.
You didn't know any spells.
Your spell library was empty.

Dungeon Overview and Level Annotations

Branches:
Dungeon (5/15)            Ossuary (1/1)
 Temple: D:4-7


Innate Abilities, Weirdness & Mutations

You have an increased reservoir of magic. (+10% MP)
You shall have no god before yourself.
Your divine heritage dramatically boosts your attributes as you level up.


Message History

The centaur zombie barely misses you. x2
Unknown command.
Unknown command.
You hit the centaur zombie.
You destroy the centaur zombie!
Your Unarmed Combat skill increases to level 4!
You have reached level 4!
Unknown command.
Unknown command.
Unknown command.
Unknown command.
Unknown command.
Unknown command.
Unknown command.
Okay, then.
You feel yourself speed up.
Unknown command.
Unknown command.
The mummy misses you.
Unknown command.
Unknown command.
Unknown command.
You hit the human zombie but do no damage.
The mummy hits you but does no damage.
Unknown command.
Unknown command.
You hit the mummy.
The mummy is moderately damaged.
The human zombie barely misses you.
Unknown command.
Unknown command.
You closely miss the mummy.
The mummy is moderately damaged.
Unknown command.
Unknown command.
Unknown command.
You barely miss the mummy.
The mummy is moderately damaged.
The human zombie hits you!
You die...

#........8..8........#
#..Z.............M...#
#...######..######...#
#...#...Z#..#....#...#
#...#.# #^.#..#.#...#
#...#.####..####.#M..#
#...#.......Z....#...#
#...#.......####M#...#
#.M.#.......#@M#.#...#
#...#.......#.Z..#...#
#...#.....∩.######...#
#...####'........#...#
#...#Z..#...####.#...#
#...#...#...# #...#
#...##############...#
#....................#
#.........∩∩.........#


You could see a mummy and a human zombie.

Vanquished Creatures
  A centaur zombie (Ossuary)
  A human zombie (Ossuary)
  3 adder zombies (Ossuary)
  7 hobgoblin zombies (Ossuary)
  A jackal zombie (Ossuary)
  11 kobold zombies (Ossuary)
  6 orc zombies (Ossuary)
30 creatures vanquished.

Notes
Turn   | Place    | Note
-------+----------+-------------------------------------------
     0 | D:5      | drugrobin the Demigod Delver began the quest for the Orb.
     0 | D:5      | Reached XP level 1. HP: 18/18 MP: 3/3
    10 | D:5      | Noticed a scorpion
    69 | D:4      | Found a sand-covered staircase.
    76 | Ossuary  | Entered an ossuary
   317 | Ossuary  | Reached XP level 2. HP: 25/25 MP: 4/4
   606 | Ossuary  | Reached XP level 3. HP: 17/30 MP: 5/5
   748 | Ossuary  | Reached XP level 4. HP: 3/37 MP: 6/6
   764 | Ossuary  | Slain by a human zombie

Illustrated notes

Levels and vault maps discovered:
D:4:      layout_loops_cross, enter_ossuary_4, uniq_menkaure
D:5:      layout_loops_cross, minmay_temple_entry_butterflies, uniq_grinder
Ossuary:  ossuary_tomb_1

Skill      XL: |  1  2  3 |
---------------+----------+-----
Unarmed Combat | 2 3 4 |  4.2
Fighting       | |  2.6
Dodging        | |  1.7
Stealth        | |  4.5

Action                   |  1- 3 |  4- 6 || total
-------------------------+-------+-------++-------
Melee: Unarmed           |   167 |     4 ||   171
       Punch             |     2 |       ||     2
  Use: Scroll            |     2 |       ||     2
       Potion            |       |     1 ||     1
 Stab: Sleeping          |     4 |       ||     4
Armor: Leather armour    |    77 |     1 ||    78
Dodge: Dodged            |   131 |     2 ||   133

Table legend: (Time is in decaauts)
 A = Elapsed time spent in this place.
 B = Non-inter-level travel time spent in this place.
 C = Inter-level travel time spent in this place.
 D = Time resting spent in this place.
 E = Time spent auto-exploring this place.
 F = Levels seen in this place.
 G = Mean time per level.
                   A        B        C        D        E       F      G
               +--------+--------+--------+--------+--------+-----+--------+
         Total |    753 |    753 |      0 |     59 |     71 |   3 |  251.0 |
       Dungeon |     75 |     75 |      0 |      0 |      9 |   2 |   37.5 |
       Ossuary |    678 |    678 |      0 |     59 |     62 |   1 |  678.0 |
               +--------+--------+--------+--------+--------+-----+--------+

Top non-repeatable levels by time:
 Ossuary: 678 daAuts
     D:4: 40 daAuts
     D:5: 35 daAuts
